 Dungeon Crawl Stone Soup version 0.31-a0-1338-gb567cfdca4 (webtiles) character file.

Game seed: 6786718152209291834

79 croobank the Changeling (level 4, 0/43 HPs)
             Began as an Octopode Shapeshifter on Dec 21, 2023.
             Slain by an orc
             ... wielding a +0 club
              (1 damage)
             ... on level 3 of the Dungeon.
             The game lasted 00:03:35 (1729 turns).

croobank the Changeling (Octopode Shapeshifter)     Turns: 1729, Time: 00:03:36

Health: 0/43       AC:  1    Str: 13    XL:     4   Next: 37%
Magic:  4/4        EV: 13    Int: 14    God:
Gold:   36         SH:  0    Dex: 11    Spells: 3/3 levels left

rFire   . . .        f - +2 dagger (speed)
rCold   . . .        (no shield)
rNeg    . . .        (helmet currently unavailable)
rPois   .            (no amulet)
rElec   .            (no ring)
rCorr   .            (no ring)
SInv    .            (no ring)
Will    .....        (no ring) Stlth
                     (no ring)
HPRegen 0.27/turn    (no ring)
MPRegen 0.09/turn    (no ring)
                     (no ring)

%: no passive effects
@: berserking, beast-form, very quick
A: beast (slay +2), almost no armour, amphibious, 8 rings, camouflage 1,
gelatinous body 1, (nimble swimmer 1), tentacles
a: Begin Untransformation


You were on level 3 of the Dungeon.
You were a hulking beast.
You visited 1 branch of the dungeon, and saw 3 of its levels.

You collected 36 gold pieces.

Inventory:

Hand Weapons
 f - a +2 dagger of speed (weapon)
Talismans
 b - a beast talisman
 c - a flux talisman
Scrolls
 e - 2 scrolls of identify {unknown}
 g - a scroll of enchant weapon {unknown}
Potions
 i - a potion of might {unknown}
 j - a potion of attraction {unknown}


   Skills:
 + Level 2.0 Fighting
 + Level 1.2 Short Blades
 + Level 2.8 Dodging
 - Level 3.2 Unarmed Combat
 + Level 3.5 Shapeshifting


You had 3 spell levels left.
You didn't know any spells.
Your spell library was empty.

Dungeon Overview and Level Annotations

Branches:
Dungeon (3/15)

Altars:

Shops:
D:2 !


Innate Abilities, Weirdness & Mutations

You are a hulking beast.
Your limbs bulge with bestial killing power. (Slay +2)
You cannot wear most types of armour.
You are amphibious.
You can wear up to eight rings at the same time.
Your skin changes colour to match your surroundings (Stealth+).
Your rubbery body absorbs attacks. (AC +1, EV +1)
((You are camouflaged when in or above water. (Stealth+)))
You have tentacles for arms and can constrict up to eight enemies at once.


Message History

You hit the orc.
The orc is heavily wounded.
The orc hits you but does no damage. x2; Something hits you but does no damage.
You miss something. Your punch misses something. You closely miss something.
The orc barely misses you. Something hits you.
The orc hits you but does no damage.
You swing at nothing.
The orc hits you but does no damage. x2
You hear some strange, mumbled words.
A puff of flame appears from out of thin air!
The puff of flame hits you!
You hit something. You closely miss something. The orc completely misses you.
Something hits you but does no damage. The orc hits you but does no damage.
You swing at nothing.
You closely miss something. The orc hits you but does no damage.
Something hits you but does no damage. The orc hits you but does no damage.
You hit the orc.
You kill the orc!
The orc hits you but does no damage. Something hits you.
* * * LOW HITPOINT WARNING * * *
You completely miss something.
You swing at nothing.
The orc hits you but does no damage. Something hits you but does no damage.
You barely miss something.
You feel less confused.
You barely miss something.
You feel less wooden.
You turn into a hulking beast.
Something hits you.
* * * LOW HITPOINT WARNING * * *
The orc closely misses you.
Unknown command.
It was a potion of berserk rage.
A red film seems to cover your vision as you go berserk!
You feel yourself moving faster!
You feel mighty!
You hear some strange, mumbled words.
A magic dart appears from out of thin air!
The magic dart hits you.
* * * LOW HITPOINT WARNING * * *
The orc hits you with a +0 club.
You die...

. .8♣ .♣♣ ..
.♣♣♣♣♣♣.. .. ##
........♣♣. ♣♣.
........♣. ♣.####
.........♣♣♣#.....
......){)......#
......oh.......#
...............###
#########........#
#........###
#........+.#
#........#.#
..........<.#
...........#.#
...........#.#


You could see an orc.

Vanquished Creatures
  An orc priest (D:3)
  2 worms (D:2)
  A dart slug (D:1)
  2 orcs (D:3)
  7 ball pythons
  3 endoplasms
  A giant cockroach (D:2)
  3 hobgoblins
  4 jackals (D:2)
  2 kobolds (D:1)
  3 quokkas (D:1)
  5 bats
  3 frilled lizards
  A rat (D:3)
38 creatures vanquished.

Notes
Turn   | Place    | Note
-------+----------+-------------------------------------------
     0 | D:1      | croobank the Octopode Shapeshifter began the quest for the
                  | Orb.
     0 | D:1      | Reached XP level 1. HP: 13/13 MP: 1/1
   251 | D:1      | Reached XP level 2. HP: 15/18 MP: 2/2
  1038 | D:2      | Reached XP level 3. HP: 18/23 MP: 3/3
  1066 | D:2      | Found Kisaurei's Distillery.
  1711 | D:3      | Reached skill level 1 in Short Blades
  1711 | D:3      | Reached XP level 4. HP: 22/29 MP: 4/4
  1729 | D:3      | HP: 1/43 [something/magic dart (6)]
  1729 | D:3      | Slain by an orc

Illustrated notes

Levels and vault maps discovered:
D:1:      matt_arrival_grand_opening, layout_loops_corners
D:2:      layout_loops_ring, serial_shops, shop, kennysheep_doodads,
          serial_bayou_pond_e
D:3:      layout_basic, mainiacjoe_overflow_swirl,
          amethyst_overflow_temple_binary,
          shapermc_ecumenical_altar_totnotflames, serial_shops, shop

Skill      XL: |  1  2  3 |
---------------+----------+-----
Fighting       | 2 |  2.0
Short Blades   | 1 |  1.2
Dodging        | |  2.8
Unarmed Combat | |  3.2
Shapeshifting  | |  3.5

Action                     |  1- 3 |  4- 6 || total
---------------------------+-------+-------++-------
  Melee: Unarmed           |    21 |       ||    21
         Constrict         |    19 |       ||    19
         Punch             |     2 |       ||     2
         Dagger            |    63 |    15 ||    78
         Tentacles         |    11 |       ||    11
    Use: Potion            |     2 |     1 ||     3
   Stab: Sleeping          |    10 |       ||    10
 Armour: Skin              |    95 |    27 ||   122
  Dodge: Dodged            |    30 |     4 ||    34

Table legend: (Time is in decaauts)
 A = Elapsed time spent in this place.
 B = Non-inter-level travel time spent in this place.
 C = Inter-level travel time spent in this place.
 D = Time resting spent in this place.
 E = Time spent auto-exploring this place.
 F = Levels seen in this place.
 G = Mean time per level.
                   A        B        C        D        E       F      G
               +--------+--------+--------+--------+--------+-----+--------+
         Total |   1697 |   1658 |     39 |     68 |   1317 |   3 |  565.7 |
       Dungeon |   1697 |   1658 |     39 |     68 |   1317 |   3 |  565.7 |
               +--------+--------+--------+--------+--------+-----+--------+

Top non-repeatable levels by time:
     D:1: 957 daAuts
     D:2: 657 daAuts
     D:3: 82 daAuts
